 Dungeon Crawl Stone Soup version 0.18.1-5-g4a78601 (webtiles) character file.

127 esc the Magician (level 4, -2/24 HPs)
             Began as a Deep Elf Fire Elementalist on May 12, 2016.
             Splashed by an oklob plant's acid (15 damage)
             ... created by the enmity of Fedhas Madash
             ... on level 3 of the Dungeon.
             The game lasted 00:07:10 (3446 turns).

esc the Magician (Deep Elf Fire Elementalist)       Turns: 3446, Time: 00:07:10

Health: -2/24      AC:  4    Str:  5    XL:     4   Next: 85%
Magic:  12/12      EV: 13    Int: 21    God:
Gold:   118        SH:  0    Dex: 15    Spells: 3 memorised, 5 levels left

rFire  . . .     SeeInvis .     e - -2 short sword
rCold  . . .     Gourm    .     a - +0 robe
rNeg   . . .     Faith    .     (no shield)
rPois  .         Spirit   .     (no helmet)
rElec  .         Dismiss  .     (no cloak)
rCorr  .         Reflect  .     (no gloves)
SustAt .         Harm     .     (no boots)
MR     .....                    (no amulet)
Stlth  +++.......               p - ring of stealth {Stlth+}
                                k - +2 ring of protection

@: not resistant to hostile enchantments, fairly stealthy
A: no striking features
a: no special abilities


You were on level 3 of the Dungeon.
You were not hungry.

You visited 1 branch of the dungeon, and saw 3 of its levels.

You collected 118 gold pieces.

Inventory:

Hand Weapons
 e - a -2 short sword (weapon)
   (You took it off a kobold on level 1 of the Dungeon)
Missiles
 f - 99 stones (quivered)
 m - 27 poisoned needles
Armour
 a - a +0 robe (worn)
Jewellery
 k - a +2 ring of protection (left hand)
   (You took it off a goblin on level 1 of the Dungeon)
 p - a ring of stealth (right hand) {Stlth+}
   (You found it on level 3 of the Dungeon)
Wands
 r - a wand of paralysis (13/24)
   (You found it on level 3 of the Dungeon)
Scrolls
 h - 3 scrolls of immolation {!r}
 l - 2 scrolls of teleportation
Potions
 d - a potion of ambrosia
 g - a potion of curing
 i - 3 potions of degeneration {unknown}
 n - a potion of flight {unknown}
Books
 b - a book of Flames
Comestibles
 c - 2 bread rations {@e1}
 j - a meat ration {@e2}
 o - a chunk of flesh {@w0}


   Skills:
 + Level 0.8 Fighting
 + Level 3.5 Dodging
 - Level 2.4 Stealth
 + Level 4.1 Spellcasting
 + Level 2.5 Conjurations
 + Level 4.1 Fire Magic


You had 5 spell levels left.
You knew the following spells:

 Your Spells              Type           Power        Failure   Level  Hunger
a - Flame Tongue          Conj/Fire      ###..        3%          1    None
c - Conjure Flame         Conj/Fire      ###.....     12%         3    ###....
x - Throw Flame           Conj/Fire      ###...       6%          2    #......


Dungeon Overview and Level Annotations

Branches:
Dungeon (3/15)

Altars:
Fedhas

Annotations:
D:3 exclusion: 5 oklob plants


Message History

The puff of flame hits the worm.
You now have 4/11 mp.
Aim: a worm (heavily wounded)
The puff of flame hits the worm.
You now have 2/11 mp.
Aim: a worm (heavily wounded)
The puff of flame hits the worm.
You now have 0/11 mp.
Aim: a worm (severely wounded)
The flame tongue hits the worm.
You kill the worm!
Your Spellcasting skill increases to level 4!
You now have 0/12 mp.
You start resting.
All of the chunks of flesh in your inventory have rotted away.
You are feeling hungry.
You regained 11 mp, and now have 11/12 mp.
You enter the shallow water.
Moving in this stuff is going to be slow.
l - 2 scrolls of teleportation (gained 1)
An orc comes into view. It is wielding a mace.
The orc shouts!
MP restored: 12
Aim: an orc, wielding a mace and wearing a leather armour The puff of flame hits the orc.
The orc is engulfed in a cloud of scalding steam.
You kill the orc!
You hear a splash. x2
You now have 10/12 mp.
You enter the shallow water.
Moving in this stuff is going to be slow.
Things that are here:
a mace; a leather armour There isn't anything to butcher here.
A kobold comes into view.
MP restored: 12 The helpless kobold fails to defend itself.
You hit the kobold.
You kill the kobold!
You see here a kobold corpse.
An adder comes into view.
Aim: an adder The flame tongue hits the adder.
The adder misses you.
You now have 11/12 mp.
Aim: an adder (almost dead)
The flame tongue hits the adder.
You kill the adder!
You now have 10/12 mp.
You see here an adder corpse.
You butcher the adder corpse.
Plants grow around you in an ominous manner.
A wandering mushroom and an oklob plant come into view.
You see here a chunk of flesh {@w0}.
There are monsters nearby!
Unknown command.
You hit the wandering mushroom.
Read which item? (? for menu, Esc to quit)
Really read
o - a scroll of blinking {!r}?
Blink to where?
You are very lightly contaminated with residual magic.
As you read the scroll of blinking {!r}, it crumbles to dust.
An adder comes into view.
Aim: an adder The flame tongue hits the adder.
The adder bites you.
You are poisoned.
The adder poisons you!
You take 1 damage, and have 23/24 hp.
You now have 10/12 mp.
Aim: an adder (almost dead)
The flame tongue hits the adder.
You kill the adder!
You feel sick.
You take 1 damage, and have 22/24 hp.
You now have 9/12 mp.
You see here an adder corpse.
You butcher the adder corpse.
o - 2 chunks of flesh {@w0} You see here an adder skeleton.
You feel sick.
You take 1 damage, and have 21/24 hp.
You start resting.
Eating one of 2 chunks of flesh {@w0}.
You continue eating. x2
You feel sick. x3
You are no longer poisoned.
You take 2 damage, and have 19/24 hp.
You regained 2 mp, and now have 11/12 mp.
You start resting.
Your magical contamination has completely faded away.
You regained 2 hp, and now have 21/24 hp.
MP restored: 12 Really walk into a travel-excluded area?
You see here an adder skeleton.
You start resting.
Health restored: 24 The wandering mushroom is too close now for your liking.
You see here an adder skeleton.
Really walk into a travel-excluded area?
The oklob plant spits acid at you.
Fedhas protects a plant from harm.
The splash of acid hits you!
The acid burns!
Ouch! That really hurt!
You die...

.....#.[#.≈≈.#.###f##....#
#...
####.#.##.≈≈.##.#.##.#...#
#...
#.#.##.≈≈.###.###.....#
##'# #.#.##.≈≈.#
##.##)....# #.#
#.#.8#.≈≈.# ##.#.#)..# #.#
#.#.)#.≈≈.# ##.###....#
#.# #.##.#.##.≈≈.#
#.###.....# #.#
#.##.#.##.≈≈.# #÷# #.....#
#.# #.##.#.##.≈≈.# #@#
#.....# #..
#.##.#.8#.≈≈.##.#.##.....#
#.# #.##.#..#.≈≈.#.#
#.##P#..# #.#
#.##.#'##.≈≈.#. #.P.P..#
#># #.##.#..'.≈≈.#
###P#.## #.#
#.##.#..#.≈≈.# #....# #.#
#....#..#.≈≈.# #....# #.#
####.#..#.≈≈.# #....# #.#
####.#..#.≈≈.# #....# #.#


You could see 2 oklob plants.

Vanquished Creatures
  3 adders (D:3)
  A gnoll (D:1)
  An ooze (D:1)
  2 worms
  5 dart slugs
  2 orcs (D:3)
  5 bats
  A giant cockroach (D:1)
  5 hobgoblins
  11 jackals
  4 quokkas
  2 giant newts
  6 goblins
  10 kobolds
  8 rats
66 creatures vanquished.

Notes
Turn   | Place    | Note
--------------------------------------------------------------
     0 | D:1      | esc the Deep Elf Fire Elementalist began the quest for the Orb.
     0 | D:1      | Reached XP level 1. HP: 10/10 MP: 6/6
   424 | D:1      | Reached XP level 2. HP: 8/15 MP: 1/8
   656 | D:1      | Reached skill level 2 in Conjurations
   685 | D:1      | Reached XP level 3. HP: 19/19 MP: 4/9
   793 | D:1      | Learned a level 2 spell: Throw Flame
   804 | D:1      | Learned a level 3 spell: Conjure Flame
  1371 | D:2      | Found a faded altar to an unknown god.
  1378 | D:2      | Became a worshipper of Fedhas Madash
  1378 | D:2      | Reached * piety under Fedhas
  1384 | D:2      | Reached skill level 3 in Dodging
  1448 | D:2      | Fell from the grace of Fedhas
  1985 | D:2      | Reached XP level 4. HP: 23/24 MP: 8/11
  2564 | D:3      | Reached skill level 4 in Fire Magic
  2738 | D:3      | Noticed an oklob plant
  2738 | D:3      | Noticed an oklob plant
  2738 | D:3      | Noticed an oklob plant
  2738 | D:3      | Noticed an oklob plant
  2742 | D:3      | HP: 4/24 [kobold/whip (6)]
  3217 | D:3      | Reached skill level 4 in Spellcasting
  3357 | D:3      | Noticed a wandering mushroom
  3357 | D:3      | Noticed an oklob plant
  3446 | D:3      | Splashed by an oklob plant's acid

Skill      XL: |  1  2  3  4 |
---------------+-------------+-----
Conjurations   | 2 |  2.5
Dodging        | 3 |  3.5
Fire Magic     | 4 |  4.1
Spellcasting   | 4 |  4.1
Fighting       | |  0.8
Stealth        | |  2.4

Action                   |  1- 3 |  4- 6 || total
-------------------------+-------+-------++-------
Melee: Short sword       |    38 |     6 ||    44
       Unarmed           |     2 |       ||     2
 Cast: Flame Tongue      |    42 |    11 ||    53
       Throw Flame       |    22 |    30 ||    52
Invok: Renounce Religion |     1 |       ||     1
  Use: Scroll            |     6 |     6 ||    12
 Stab: Distracted        |     1 |       ||     1
       Sleeping          |     1 |     3 ||     4
  Eat: Chunk             |     4 |     3 ||     7
       Royal jelly       |       |     1 ||     1
Armor: Robe              |    13 |     1 ||    14
Dodge: Dodged            |    50 |     6 ||    56

Vault maps used:
D:1:      dpeg_arrival_short_road
D:2:      first_bread, ecumenical_altar_2
D:3:      wad_river_or_something

Table legend:
 A = Turns spent in this place as a percentage of turns spent in the entire game.
 B = Non-inter-level travel turns spent in this place as a percentage of non-inter-level travel turns spent in the entire game.
 C = Inter-level travel turns spent in this place as a percentage of turns spent in this place.
 D = Turns resting spent in this place as a percentage of non-inter-level travel turns spent in this place.
 E = Turns spent auto-exploring this place as a percentage of non-inter-level travel turns spent in this place.
 F = Non-inter-level travel turns spent in this place divided by the number of levels of this place that you've seen.
                   A       B       C       D       E      F
               +-------+-------+-------+-------+-------+----------------------
         Total | 100.0 | 100.0 |   0.4 |   8.6 |  13.4 | 189.0
       Dungeon | 100.0 | 100.0 |   0.4 |   8.6 |  13.4 | 189.0
               +-------+-------+-------+-------+-------+----------------------

Table legend:
 A = Kills in this place as a percentage of kills in entire the game.
 B = Kills by you in this place as a percentage of kills by you in the entire game.
 C = Kills by friends in this place as a percentage of kills by friends in the entire game.
 D = Other kills in this place as a percentage of other kills in the entire game.
 E = Experience gained in this place as a percentage of experience gained in the entire game.
 F = Experience gained in this place divided by the number of levels of this place that you have seen.
                   A       B       C       D       E      F
               +-------+-------+-------+-------+-------+----------------------
         Total | 100.0 | 100.0 |  -nan |  -nan | 100.0 |  60.7
       Dungeon | 100.0 | 100.0 |  -nan |  -nan | 100.0 |  60.7
               +-------+-------+-------+-------+-------+----------------------
